 Dungeon Crawl Stone Soup version 0.29.1-13-g9f3cf754e1 (webtiles) character file.

Game seed: 13924494538736675691

51 McKennaii the Covered (level 3, -9/31 HPs)
             Began as a Demigod Fighter on Feb 5, 2023.
             Mangled by Terence
             ... wielding a +0 morningstar
              (10 damage)
             ... on level 2 of the Dungeon.
             The game lasted 00:01:20 (986 turns).

McKennaii the Covered (Demigod Fighter)              Turns: 986, Time: 00:01:20

Health: -9/31      AC: 12    Str: 21    XL:     3   Next: 38%
Magic:  5/5        EV:  5    Int: 10    God:
Gold:   20         SH:  4    Dex: 13    Spells: 2/2 levels left

rFire   . . .      SeeInvis .   a - +0 long sword
rCold   . . .      Faith    .   c - +0 buckler
rNeg    . . .      Spirit   .   f - +0 plate armour
rPois   .          Reflect  .   (no helmet)
rElec   .          Harm     .   (no cloak)
rCorr   .          Rampage  .   l - +0 pair of gloves
Will    .....                   (no boots)
Stlth   ..........              (no amulet)
HPRegen 0.10/turn               (no ring)
MPRegen 0.09/turn               (no ring)

@: mighty
A: high MP 1, forlorn, divine attributes
a: no special abilities


You were on level 2 of the Dungeon.
You visited 1 branch of the dungeon, and saw 2 of its levels.

You collected 20 gold pieces.

Inventory:

Hand Weapons
 a - a +0 long sword (weapon)
Armour
 c - a +0 buckler (worn)
 f - a +0 plate armour (worn)
 l - a +0 pair of gloves (worn)
Scrolls
 e - 4 scrolls of teleportation {unknown}
 g - 3 scrolls of immolation {unknown}
 j - a scroll of magic mapping {unknown}
 m - a scroll of noise {unknown}
Potions
 b - 2 potions of haste {unknown}
 h - a potion of attraction {unknown}
 i - a potion of curing {unknown}
 k - a potion of brilliance {unknown}


   Skills:
 + Level 3.2 Fighting
 + Level 2.5 Long Blades
 * Level 3.3 Armour
 - Level 2.6 Shields


You had 2 spell levels left.
You didn't know any spells.
Your spell library contained the following spells:

 Spells                   Type           Power      Damage    Failure   Level
 Sting                    Tmut/Pois      0%         1d3       100%        1
 Poisonous Vapours        Pois/Air       0%         N/A       100%        2
 Olgreb's Toxic Radiance  Pois           0%         N/A       100%        4


Dungeon Overview and Level Annotations

Branches:
Dungeon (2/15)

Annotations:
D:2 Terence


Innate Abilities, Weirdness & Mutations

You have an increased reservoir of magic. (+10% MP)
You shall have no god before yourself.
Your divine heritage dramatically boosts your attributes as you level up.


Message History

b - 2 golden potions (gained 1)
There is a stone staircase leading down here.
Terence the Incautious comes into view.
He is wielding a +0 morningstar.
Terence shouts!
You hear a shout!
Terence hits you with a +0 morningstar!
You hit Terence but do no damage. You block Terence's attack.
A kobold comes into view. It is wielding a +0 whip.
You hit Terence but do no damage. Terence hits you but does no damage.
You closely miss Terence.
Terence screams, "I'm going to kill you!"
Terence barely misses you. Terence hits you but does no damage.
You hit Terence.
Terence is lightly wounded.
Terence hits you but does no damage. Terence attacks as you move away!
Terence hits you but does no damage. Terence attacks as you move away!
You block Terence's attack.
Okay, then.
You feel very mighty all of a sudden. Terence hits you with a +0 morningstar.
You slash Terence!
Terence is moderately wounded.
Terence hits you but does no damage.
You slash Terence!
Terence is severely wounded.
Terence hits you with a +0 morningstar.
The kobold hits you but does no damage. x2
Terence hits you with a +0 morningstar.
You barely miss Terence.
Terence is severely wounded.
Terence barely misses you. The kobold hits you but does no damage.
You hit Terence but do no damage.
Terence is severely wounded.
Terence hits you with a +0 morningstar!
* * * LOW HITPOINT WARNING * * *
The kobold hits you with a +0 whip.
* * * LOW HITPOINT WARNING * * *
You hit Terence.
Terence is almost dead.
Terence barely misses you. The kobold barely misses you.
The kobold hits you but does no damage. Terence hits you with a +0 morningstar!
You die...

#. ...
########.#.#####
(# #. ...
#####.#.# ...###.
#.# #.....# #
..... #.# #.#####
... #.# #.# #)##.#
#.# #....# #.# ...
#.#..######.## ...
#.##....@@...# ...
.. #.....K...# ..#
##.
#.........###..##
#.
#................
#.
#............#.###
#.
#.................
#.........########
#.....>...#
######...##


You could see Terence and a kobold.

Vanquished Creatures
  2 gnolls (D:1)
  An adder (D:2)
  4 bats (D:1)
  An endoplasm (D:1)
  2 giant cockroaches (D:1)
  2 goblins (D:1)
  2 hobgoblins (D:1)
  2 jackals (D:1)
  4 kobolds
  3 rats (D:1)
23 creatures vanquished.

Vanquished Creatures (others)
  11 plants (D:2)
11 creatures vanquished.

Grand Total: 34 creatures vanquished

Notes
Turn   | Place    | Note
-------+----------+-------------------------------------------
     0 | D:1      | McKennaii the Demigod Fighter began the quest for the Orb.
     0 | D:1      | Reached XP level 1. HP: 18/18 MP: 3/3
   274 | D:1      | Reached XP level 2. HP: 20/25 MP: 4/4
   585 | D:1      | Reached XP level 3. HP: 29/31 MP: 5/5
   968 | D:2      | Noticed Terence
   985 | D:2      | HP: 1/31 [kobold/+0 whip (1)]
   986 | D:2      | Mangled by Terence

Illustrated notes

Levels and vault maps discovered:
D:1:      spicycebolla_green_bress_n_ham, layout_basic, minmay_tetromino_s2
D:2:      layout_basic, serial_shops, nicolae_shop_statue_plus,
          grunt_ministairs_5, serial_bayou_lagoon_a, dreamdust_wishing_well,
          uniq_robin, uniq_terence

Skill      XL: |  1  2 |
---------------+-------+-----
Long Blades    | 2 |  2.5
Fighting       | 3 |  3.2
Armour         | 3 |  3.3
Shields        | |  2.6

Action                   || total
-------------------------++-------
Melee: Long sword        ||    69
  Use: Potion            ||     1
Armor: Plate armour      ||    51
       Scale mail        ||     4
Dodge: Dodged            ||    21
Block: Buckler           ||    12
